 Dungeon Crawl Stone Soup version 0.32-a0-485-g70f7560b1c (webtiles) character file.

Game seed: 2215451966598450849

58 javelincjr the Trooper (level 3, -7/32 (33) HPs)
             Began as a Mountain Dwarf Monk on Feb 26, 2024.
             Mangled by Crazy Yiuf
             ... wielding a +4 quarterstaff of chaos
              (12 damage)
             ... on level 2 of the Dungeon.
             The game lasted 00:03:17 (1798 turns).

javelincjr the Trooper (Mountain Dwarf Monk)        Turns: 1798, Time: 00:03:18

HP:   -7/32 (33)    AC:  3    Str: 15    XL:     3   Next: 76%
MP:   3/3           EV: 12    Int: 10    God:
Gold: 103           SH:  0    Dex: 12    Spells: 2/2 levels left

rFire   . . .        a - +0 hand axe
rCold   . . .        d - orb {light}
rNeg    + . .        b - +0 robe
rPois   .            (no helmet)
rElec   .            n - +0 cloak
rCorr   .            (no gloves)
SInv    .            (no boots)
Will    .....        (no amulet)
Stlth   +            k - ring of positive energy
HPRegen 0.25/turn    (no ring)
MPRegen 0.08/turn

%: no passive effects
@: glowing, lightly drained
A: runic magic, artefact enchanting
a: no special abilities


You were on level 2 of the Dungeon.
You visited 1 branch of the dungeon, and saw 2 of its levels.

You collected 103 gold pieces.

Inventory:

Hand Weapons
 a - a +0 hand axe (weapon)
 h - a +0 trident
Missiles
 j - a throwing net (quivered)
 m - 5 poisoned darts
Armour
 b - a +0 robe (worn)
 d - an orb of light (worn)
 n - a +0 cloak (worn)
Jewellery
 k - a ring of positive energy (left hand)
Scrolls
 l - a scroll of poison {unknown}
Potions
 c - a potion of ambrosia
 e - a potion of attraction {unknown}
 f - a potion of magic {unknown}
 g - 2 potions of cancellation {unknown}
 i - 2 potions of curing {unknown}


   Skills:
 * Level 4.1 Fighting
 + Level 4.0 Axes
 + Level 1.3 Armour
 + Level 2.4 Dodging
 + Level 0.8 Stealth


You had 2 spell levels left.
You didn't know any spells.
Your spell library contained the following spells:

 Spells                   Type           Power      Damage    Failure   Level
 Call Canine Familiar     Summ           0%         N/A       75%         3
 Sigil of Binding         Hex            0%         N/A       75%         3
 Dimensional Bullseye     Hex/Tloc       0%         N/A       98%         4


Dungeon Overview and Level Annotations

Branches:
Dungeon (2/15)

Altars:
Makhleb

Annotations:
D:2 Crazy Yiuf


Innate Abilities, Weirdness & Mutations

Your spellcasting is much less encumbered by armour.
You can use scrolls of enchantment on lesser artefacts.


Message History

You now have 103 gold pieces (gained 9).
Things that are here:
a +0 short sword; 5 stones; a +0 robe
Found a stone staircase leading up.
No target in view!
There is a stone staircase leading up here.
Found a cloak.
You see here a +0 cloak.
n - a +0 cloak You start putting on your armour.
You continue putting on your +0 cloak. x4
You finish putting on your +0 cloak.
Found a hammer.
Found a runed translucent door.
Crazy Yiuf shouts!
You open the door. You hit Crazy Yiuf.
Crazy Yiuf is lightly wounded.
Crazy Yiuf hits you with a +4 quarterstaff of chaos!
Crazy Yiuf freezes you.
You hit Crazy Yiuf but do no damage.
Crazy Yiuf is lightly wounded.
Crazy Yiuf closely misses you.
You hit Crazy Yiuf.
Crazy Yiuf is moderately wounded.
Crazy Yiuf hits you with a +4 quarterstaff of chaos!
Crazy Yiuf burns you.
You hit Crazy Yiuf but do no damage.
Crazy Yiuf is moderately wounded.
Crazy Yiuf hits you with a +4 quarterstaff of chaos.
* * * LOW HITPOINT WARNING * * *
You partially resist.
You feel drained.
You hit Crazy Yiuf but do no damage.
Crazy Yiuf is moderately wounded.
Crazy Yiuf hits you with a +4 quarterstaff of chaos.
* * * LOW HITPOINT WARNING * * *
Crazy Yiuf burns you.
* * * LOW HITPOINT WARNING * * *
You hit Crazy Yiuf but do no damage.
Crazy Yiuf is moderately wounded.
Crazy Yiuf hits you with a +4 quarterstaff of chaos!
You die...

########...####.#
#.#######..###
...........# #^#
#.# ####..###
########...# #.#
#.# #......<.
#........### ###
### #.##..##.
#.#####..#
####..##. # #.##
#........ #. #.#
### ####..######
#.#####.# #)..###
##.....# #
......#.#
#...g@####......#
# ........#
#...##..#......##
# ......#### ###
###.#.....# #
.....†...#
#######.# #
.......###
#.#######
......#)## ###
#........
......##.## #.#
#####.##.
...#####..# #.#
#.##. #..## ##..#
#.# #.##.


You could see Crazy Yiuf.

Vanquished Creatures
  An adder (D:2)
  A dart slug (D:1)
  An orc (D:2)
  3 ball pythons (D:1)
  3 bats
  9 endoplasms
  3 goblins
  6 hobgoblins (D:1)
  3 kobolds (D:2)
  3 quokkas
  4 frilled lizards
  4 rats (D:1)
41 creatures vanquished.

Notes
Turn   | Place    | Note
-------+----------+-------------------------------------------
     0 | D:1      | javelincjr the Mountain Dwarf Monk began the quest for the
                  | Orb.
     0 | D:1      | Reached XP level 1. HP: 19/19 MP: 1/1
   166 | D:1      | Reached XP level 2. HP: 25/26 MP: 2/2
   796 | D:1      | Reached skill level 1 in Armour
  1093 | D:1      | Reached XP level 3. HP: 30/33 MP: 3/3
  1367 | D:2      | Found a burning altar of Makhleb.
  1788 | D:2      | Found a runed translucent door.
  1789 | D:2      | Noticed Crazy Yiuf
  1798 | D:2      | Mangled by Crazy Yiuf

Illustrated notes

Levels and vault maps discovered:
D:1:      elethiomel_arrival_infinity_welcomes_careful_drivers,
          layout_loops_corners
D:2:      layout_loops_ring, basic_altar, uniq_crazy_yiuf_cottage

Skill      XL: |  1  2  3 |
---------------+----------+-----
Armour         | 1 |  1.3
Fighting       | 4 |  4.1
Axes           | 4 |  4.0
Dodging        | |  2.4
Stealth        | |  0.8

Action                     || total
---------------------------++-------
  Melee: Hand axe          ||   109
 Armour: Robe              ||    53
  Dodge: Dodged            ||    68

Table legend: (Time is in decaauts)
 A = Elapsed time spent in this place.
 B = Non-inter-level travel time spent in this place.
 C = Inter-level travel time spent in this place.
 D = Time resting spent in this place.
 E = Time spent auto-exploring this place.
 F = Levels seen in this place.
 G = Mean time per level.
                   A        B        C        D        E       F      G
               +--------+--------+--------+--------+--------+-----+--------+
         Total |   1808 |   1740 |     68 |      0 |   1463 |   2 |  904.0 |
       Dungeon |   1808 |   1740 |     68 |      0 |   1463 |   2 |  904.0 |
               +--------+--------+--------+--------+--------+-----+--------+

Top non-repeatable levels by time:
     D:1: 1156 daAuts
     D:2: 652 daAuts
